Map: Dusk Towers

Players

blackxored

  • Race: Zerg Zerg
  • League: Diamond

ORANGUTANGU - Winner!

  • Race: Zerg Zerg
  • League: Diamond

VOD

Have the link to the VOD?

Description

Time

  • Played on: July 3, 2016, 7:41 a.m.
  • Length: 8:19
Show
View Real Time Build Order
Export as new Build Order

blackxored Zerg 

Build Orders: Pool First 

Get SALT Encoding   

  12  0:02  Drone  
  13  0:12  Drone  
  14  0:16  Extractor  
  14  0:17  Drone  
  14  0:32  Spawning Pool  
  14  0:35  Drone  
  14  0:49  Extractor, Drone  
  14  0:52  Overlord  
  16  1:11  Drone x3  
  18  1:19  Metabolic Boost  
  18  1:25  Queen  
  20  1:34  Overlord  
  20  1:39  Drone  
  21  1:47  Baneling Nest  
  21  1:49  Drone  
  21  2:10  Hatchery  
  20  2:20  Zergling x4  
  20  2:21  Zergling x2  
  23  2:32  Zergling x2  
  25  2:37  Zergling x6  
  27  2:54  Overlord  
  27  2:58  Drone  
  28  2:59  Queen  
  30  3:08  Baneling  
  30  3:09  Baneling x3  
  30  3:23  Zergling x8  
  34  3:30  Zergling x2  
  35  3:34  Zergling x2  
  35  3:52  Zergling x4  
  35  3:53  Zergling x4  
  32  4:20  Lair  
  32  4:23  Drone x10  
  41  4:31  Drone  
  41  4:32  Extractor  
  41  4:34  Drone  
  41  4:38  Drone  
  43  4:39  Roach Warren  
  43  4:41  Overlord  
  42  4:50  Drone  
  43  4:55  Extractor, Drone  
  43  4:57  Extractor, Drone  
  43  5:12  Spine Crawler x2  
  43  5:13  Spine Crawler  
  40  5:19  Overlord  
  40  5:20  Roach x3  
  46  5:22  Roach  
  41  5:40  Roach  
  41  5:41  Roach x3  
  41  5:42  Roach  
  52  5:50  Roach  
  52  5:51  Roach  
  54  6:01  Ravager x4  
  58  6:08  Roach  
  58  6:09  Overlord  
  48  6:32  Ravager  
  48  6:33  Ravager  
  48  6:34  Roach x3  
  48  6:35  Roach  
  52  6:45  Roach x2  
  52  6:46  Zergling x4  
  52  6:47  Zergling x12  
  52  6:50  Roach  
  50  6:55  Roach  
  50  6:56  Zergling x2  
  50  6:58  Zergling x2  
  46  7:13  Zergling x8  
  50  7:28  Zergling x4  
  52  7:40  Baneling x3  
  52  7:46  Baneling  
  52  7:49  Zergling x4  
Show
View Real Time Build Order
Export as new Build Order

ORANGUTANGU Zerg - Winner!

Build Orders: Pool First 

Get SALT Encoding   

  12  0:01  Drone  
  13  0:12  Overlord  
  13  0:17  Drone  
  14  0:24  Extractor  
  14  0:25  Drone  
  15  0:30  Drone  
  16  0:37  Drone  
  17  0:46  Drone  
  18  0:50  Spawning Pool  
  18  0:57  Drone  
  18  1:00  Extractor  
  17  1:17  Hatchery  
  16  1:28  Drone x2  
  16  1:29  Drone  
  19  1:39  Queen  
  21  2:01  Metabolic Boost  
  21  2:07  Drone  
  22  2:26  Overlord x2  
  22  2:29  Queen  
  24  2:48  Drone  
  24  2:49  Drone x6  
  31  2:53  Zergling x4  
  33  2:59  Roach Warren  
  33  3:02  Drone  
  33  3:08  Zergling x2  
  34  3:13  Zergling x2  
  34  3:18  Zergling x2  
  36  3:24  Zergling x2  
  37  3:28  Overlord  
  37  3:35  Queen x2  
  37  3:40  Roach  
  43  3:42  Overlord  
  43  3:43  Overlord x2  
  43  3:53  Roach x2  
  47  3:56  Zergling x4  
  49  4:05  Roach  
  51  4:28  Roach x7  
  65  4:37  Overlord x2  
  65  4:57  Roach  
  65  4:58  Roach x6  
  65  4:59  Zergling x4  
  81  5:13  Overlord x2  
  81  5:25  Zergling x16  
  89  5:41  Lair  
  89  5:44  Drone x3  
  92  5:56  Overlord x2  
  92  5:59  Drone  
  92  6:00  Drone x5  
  98  6:08  Hatchery  
  88  6:38  Zergling x14  
  88  6:39  Zergling x6  
  89  6:48  Glial Reconstitution  
  89  6:52  Extractor  
  88  6:56  Evolution Chamber  
  88  6:58  Evolution Chamber  
  88  6:59  Extractor  
  83  7:02  Extractor  
  64  7:16  Zergling x14  
  63  7:26  Drone  
  63  7:27  Drone x5  
  61  7:39  Zergling x2  
  61  7:40  Zergling x2  
  63  7:48  Roach  
  65  7:52  Roach  
  65  7:53  Zergling x2, Roach  
  65  7:54  Zergling x8  
Tags
 
Add a new tag
Caveats
  • Supply blocks, unpowered buildings, or Contaminate may cause inaccurate times.
  • Supply counts are checked every 10 seconds.